 Dungeon Sprint DCSS version 0.21.1-1-g345015f (webtiles) character file.

4000000 Fang the Axe Maniac (level 22, -9/233 HPs)
             Began as a Minotaur Gladiator on June 5, 2018.
             Was the Champion of Makhleb.
             Killed from afar by a large bag of meat (20 damage)
             ... with an exploding inner flame
             ... in the Dungeon (Sprint VIII: "Arena of Blood").
             The game lasted 00:00:37 (40 turns).

Fang the Axe Maniac (Minotaur Gladiator)              Turns: 40, Time: 00:00:37

Health: -9/233     AC:  6    Str: 29    XL:     22   Next: 83%
Magic:  20/52      EV: 28    Int:  5    God:    Makhleb [******]
Gold:   0          SH:  0    Dex: 12    Spells: 75/75 levels left

rFire    . . .     SeeInvis .   l - +∞ Axe of Woe
rCold    . . .     Gourm    .   (shield currently unavailable)
rNeg     . . .     Faith    .   b - +0 leather armour
rPois    .         Spirit   .   c - +0 hat
rElec    .         Reflect  .   (no cloak)
rCorr    .         Harm     .   (no gloves)
MR       +....     NoTele   +   (no boots)
Stlth    +++++++++.             (no amulet)
HPRegen  0.48/turn              (no ring)
MPRegen  0.33/turn              (no ring)

@: no status effects
A: retaliatory headbutt, horns 2
a: Minor Destruction, Lesser Servant of Makhleb, Major Destruction, Greater
Servant of Makhleb, Renounce Religion


You were in the Dungeon.
You worshipped Makhleb.
Makhleb was exalted by your worship.
You were not hungry.

You visited 1 branch

Inventory:

Hand Weapons
 a - a +0 war axe
 l - the +∞ Axe of Woe (weapon)
   (You found it in the Dungeon)
Missiles
 d - 3 throwing nets (quivered)
Armour
 b - a +0 leather armour (worn)
 c - a +0 hat (worn)
Scrolls
 k - a scroll of blinking
Potions
 e - a potion of curing
 g - a potion of heal wounds
 h - a potion of haste
 i - 2 potions of magic
 j - a potion of berserk rage
Comestibles
 f - a ration


   Skills:
 O Level 27 Fighting
 O Level 27 Axes
 O Level 27 Throwing
 O Level 27 Armour
 O Level 27 Dodging
 O Level 27 Stealth
 O Level 27 Unarmed Combat
 O Level 27 Spellcasting
 O Level 27 Invocations


You had 75 spell levels left.
You didn't know any spells.

Dungeon Overview and Level Annotations

Branches:
Dungeon (1/1)

Altars:
Makhleb


Innate Abilities, Weirdness & Mutations

You reflexively headbutt those who attack you in melee.
You have a pair of horns on your head.


Message History

Two crawling corpses merge to form a small abomination.
You hear a shout!
A crawling corpse merges with a small abomination to form a large abomination. x2
A crawling corpse merges with a large abomination.
You hear a shout! x2
A meat berserker comes into view. It is wielding a +9 battleaxe.
Items here: )) == † a +9 battleaxe; a +30 ring of slaying; a +9 battleaxe; a +30 ring of slaying a meat berserker corpse You are too injured to fight recklessly!
Unknown command.
Unknown command.
You are too injured to fight recklessly!
You slice the large bag of meat!!
You butcher the large bag of meat messily.
The large bag of meat explodes!
The fiery explosion engulfs the bag of meat.
The fiery explosion engulfs the large abomination. x2
The fiery explosion engulfs you!
You die...

..... .. #... ..#
. #... ..#
..###... ..###.
.....z###......
..x.._...... .
#)))..# . §..
#_)<)_# ...
.....#§@).)#.....
.....oX)XX.z.....
.....Xo###)......
..###oO. ..###..
. #.o. ..# . #O..
..# ..oO. O..
.... .... ....
....


You could see 2 sculptors of flesh, a large bag of meat (inner flame), 4 large
abominations, a meat berserker (berserk), 5 bags of meat and a crawling corpse.

Vanquished Creatures
  3 vampire knights (D)
  11 ogres (D)
  13 orcs (D)
  2 crawling corpses (D)
29 creatures vanquished.

Notes
Turn   | Place    | Note
-------+----------+-------------------------------------------
     0 | D        | Found the +∞ Axe of Woe
     0 | D        | Fang the Minotaur Gladiator began the quest for the Orb.
     0 | D        | Reached XP level 1. HP: 18/18 MP: 0/0
     4 | D        | Became a worshipper of Makhleb the Destroyer
     5 | D        | Noticed a bag of meat
     5 | D        | Noticed a bag of meat
     6 | D        | Noticed a bag of meat
     6 | D        | Noticed a bag of meat
     7 | D        | Noticed a bag of meat
     8 | D        | Noticed a meat berserker
    10 | D        | Noticed a meat berserker
    10 | D        | Killed a bag of meat
    10 | D        | Reached XP level 2. HP: 41/41 MP: 1/1
    10 | D        | Reached XP level 3. HP: 48/48 MP: 2/2
    10 | D        | Reached XP level 4. HP: 56/56 MP: 3/3
    10 | D        | Reached XP level 5. HP: 62/62 MP: 4/4
    10 | D        | Reached XP level 6. HP: 70/70 MP: 5/5
    10 | D        | Reached XP level 7. HP: 77/77 MP: 6/6
    10 | D        | Reached XP level 8. HP: 83/83 MP: 7/7
    10 | D        | Reached XP level 9. HP: 90/90 MP: 8/8
    10 | D        | Reached XP level 10. HP: 97/97 MP: 9/9
    10 | D        | Reached XP level 11. HP: 104/104 MP: 10/10
    10 | D        | Killed a bag of meat
    10 | D        | Reached * piety under Makhleb
    10 | D        | Reached XP level 12. HP: 116/116 MP: 11/11
    11 | D        | Noticed a bag of meat
    11 | D        | Noticed a meat berserker
    11 | D        | Killed a meat berserker
    11 | D        | Reached skill level 27 in Axes
    11 | D        | Reached XP level 13. HP: 129/129 MP: 12/12
    11 | D        | Reached XP level 14. HP: 137/137 MP: 13/13
    11 | D        | Noticed a bag of meat
    12 | D        | Noticed a bag of meat
    12 | D        | Noticed a meat berserker
    12 | D        | Killed a bag of meat
    12 | D        | Killed a bag of meat
    12 | D        | Reached ** piety under Makhleb
    12 | D        | Reached skill level 27 in Dodging
    12 | D        | Reached XP level 15. HP: 156/156 MP: 14/14
    12 | D        | Killed a meat berserker
    13 | D        | Killed a meat berserker
    13 | D        | Reached skill level 27 in Fighting
    13 | D        | Reached XP level 16. HP: 183/183 MP: 15/15
    14 | D        | Reached *** piety under Makhleb
    14 | D        | Reached skill level 27 in Throwing
    15 | D        | Reached XP level 17. HP: 191/191 MP: 15/23
    16 | D        | Killed a meat berserker
    16 | D        | Reached skill level 10 in Stealth
    18 | D        | Noticed a meat berserker
    18 | D        | Reached **** piety under Makhleb
    18 | D        | Reached skill level 15 in Armour
    19 | D        | Noticed a meat berserker
    20 | D        | Reached skill level 15 in Unarmed Combat
    20 | D        | Reached skill level 10 in Spellcasting
    20 | D        | Reached XP level 18. HP: 200/200 MP: 15/31
    22 | D        | Killed a meat berserker
    22 | D        | Reached skill level 15 in Stealth
    23 | D        | Noticed a destroyer
    25 | D        | Noticed a meat berserker
    26 | D        | Noticed a large bag of meat
    26 | D        | Reached XP level 19. HP: 166/207 MP: 17/35
    27 | D        | Killed a meat berserker
    27 | D        | Reached ***** piety under Makhleb
    27 | D        | Reached skill level 15 in Spellcasting
    28 | D        | Noticed a large bag of meat
    29 | D        | Noticed a meat berserker
    29 | D        | Noticed a meat berserker
    29 | D        | Noticed a meat berserker
    29 | D        | Noticed a destroyer
    31 | D        | Noticed a destroyer
    32 | D        | Killed a destroyer
    32 | D        | Reached XP level 20. HP: 204/216 MP: 18/40
    33 | D        | Noticed a meat berserker
    33 | D        | Killed a meat berserker
    33 | D        | Reached skill level 27 in Armour
    34 | D        | Killed a meat berserker
    34 | D        | Reached skill level 27 in Unarmed Combat
    34 | D        | Killed a meat berserker
    34 | D        | Reached skill level 27 in Invocations
    34 | D        | Reached XP level 21. HP: 224/224 MP: 18/45
    36 | D        | Killed a destroyer
    36 | D        | Reached skill level 27 in Stealth
    36 | D        | Reached ****** piety under Makhleb
    36 | D        | Reached skill level 27 in Spellcasting
    36 | D        | Reached XP level 22. HP: 233/233 MP: 19/52
    38 | D        | Killed a destroyer
    39 | D        | HP: 11/233 [large bag of meat/+9 giant spiked club (117)]
    40 | D        | Killed a large bag of meat
    40 | D        | Killed from afar by a large bag of meat

Skill      XL: |  1  2  3  4  5  6  7  8  9 10 11 12 13 14 15 16 17 18 19 20 21 |
---------------+----------------------------------------------------------------+-----
Fighting       | 12 13 16 20 27 | 27.0
Axes           | 21 23 27 | 27.0
Throwing       | 9 11 13 16 24 27 | 27.0
Dodging        | 18 21 24 27 | 27.0
Armour         | 8 16 21 26 27 | 27.0
Stealth        | 6 13 17 21 26 27 | 27.0
Unarmed Combat | 7 15 19 24 27 | 27.0
Spellcasting   | 4 10 13 17 21 27 | 27.0
Invocations    | 6 14 18 23 27 | 27.0

Action                   |  1- 3 |  4- 6 |  7- 9 | 10-12 | 13-15 | 16-18 | 19-21 | 22-24 || total
-------------------------+-------+-------+-------+-------+-------+-------+-------+-------++-------
Melee: Executioner's axe |     1 |       |       |     1 |     2 |     8 |     7 |     2 ||    21
Dodge: Dodged            |       |       |       |       |       |       |     2 |     2 ||     4
